 Dungeon Crawl Stone Soup version 0.29-a0-337-g68df138881 (webtiles) character file.

Game seed: 11579037147858011250

51 Dauddaud the Chopper (level 3, 0/31 HPs)
             Began as a Minotaur Berserker on Apr 16, 2022.
             Was a Follower of Trog.
             Killed by divine providence
             ... invoked by an orc priest
              (14 damage)
             ... on level 3 of the Dungeon.
             The game lasted 00:02:48 (1796 turns).

Dauddaud the Chopper (Minotaur Berserker)           Turns: 1796, Time: 00:02:48

Health: 0/31       AC:  2    Str: 23    XL:     3   Next: 58%
Magic:  2/2        EV: 12    Int:  4    God:    Trog [*.....]
Gold:   92         SH:  0    Dex:  9    Spells: 2/2 levels left

rFire   . . .      SeeInvis .   a - +0 hand axe
rCold   . . .      Faith    .   (no shield)
rNeg    . . .      Spirit   .   b - +0 animal skin
rPois   .          Reflect  .   (helmet restricted)
rElec   .          Harm     .   (no cloak)
rCorr   .          Rampage  .   (no gloves)
Will    .....                   (no boots)
Stlth   +.........              (no amulet)
HPRegen 0.10/turn               (no ring)
MPRegen 0.08/turn               (no ring)

@: no status effects
A: horns 2, retaliatory headbutt
a: Renounce Religion, Berserk


You were on level 3 of the Dungeon.
You worshipped Trog.
Trog was aware of your devotion.
You visited 1 branch of the dungeon, and saw 3 of its levels.

You collected 92 gold pieces.

Inventory:

Hand Weapons
 a - a +0 hand axe (weapon)
Armour
 b - a +0 animal skin (worn)
Jewellery
 d - a ring of magical power
 k - a ring of willpower
Scrolls
 e - a scroll of enchant armour {unknown}
 f - a scroll of amnesia {unknown}
 g - a scroll of noise {unknown}
 h - 2 scrolls of fog {unknown}
 m - a scroll of immolation {unknown}
 p - a scroll of identify {unknown}
 q - a scroll of teleportation {unknown}
 r - a scroll of fear {unknown}
Potions
 c - 2 potions of curing {unknown}
 i - a potion of attraction {unknown}
 j - a potion of flight {unknown}
 l - a potion of cancellation {unknown}
 n - a potion of might {unknown}
 o - a potion of brilliance {unknown}


   Skills:
 - Level 3.6 Fighting
 + Level 5.6 Axes
 - Level 2.4 Armour
 - Level 2.1 Dodging


You had 2 spell levels left.
You didn't know any spells.
Your spell library was empty.

Dungeon Overview and Level Annotations

Branches:
Dungeon (3/15)

Altars:


Innate Abilities, Weirdness & Mutations

You have a pair of horns on your head.
You reflexively headbutt those who attack you in melee.


Message History

You closely miss the adder. The adder bites you.
You are poisoned.
The adder poisons you!
An orc comes into view. It is wielding a +0 short sword.
The adder bites you.
The orc shouts!
You slash the adder!
The adder is almost dead.
You feel sick. The adder bites you.
You slash the adder!
You kill the adder!
Trog accepts your kill.
You feel sick.
An orc priest comes into view.
It is wielding a +1 dagger of protection.
You slash the orc!
You kill the orc!
Trog accepts your kill.
You feel sick.
You barely miss the orc.
You feel sick. The orc completely misses you. You furiously retaliate!
You headbutt the orc!
You kill the orc!
Trog accepts your kill.
You feel sick.
The orc priest looks encouraged for a moment.
Things that are here:
a +0 hand axe; a +0 club; an orc corpse You are too injured to fight recklessly!
You are too injured to fight recklessly!
You are too injured to fight recklessly!
You are too injured to fight recklessly!
You are too injured to fight recklessly!
You are too injured to fight recklessly!
You are too injured to fight recklessly!
You are too injured to fight recklessly!
You are too injured to fight recklessly!
You barely miss the orc. Your headbutt misses the orc.
You feel sick.
You are no longer poisoned.
The orc priest mumbles some strange prayers to Beogh against you.
Beogh smites you!
You die...

## ###.
...#
...###.
.......
####o......
#<.@o......
#####!.o...
.###. #


You could see an orc priest and 2 orcs.

Vanquished Creatures
  2 adders
  A dart slug (D:2)
  2 orcs (D:3)
  4 bats
  3 endoplasms
  A giant cockroach (D:1)
  2 goblins (D:1)
  3 hobgoblins
  3 kobolds
  A quokka (D:1)
  3 ball pythons (D:1)
  2 frilled lizards
  2 rats (D:1)
29 creatures vanquished.

Notes
Turn   | Place    | Note
-------+----------+-------------------------------------------
     0 | D:1      | Dauddaud the Minotaur Berserker began the quest for the
                  | Orb.
     0 | D:1      | Reached XP level 1. HP: 19/19 MP: 0/0
    44 | D:1      | Reached skill level 4 in Axes
   482 | D:1      | Reached XP level 2. HP: 14/26 MP: 1/1
   662 | D:1      | Found a faded altar of an unknown god.
  1368 | D:2      | Reached skill level 5 in Axes
  1409 | D:2      | Reached XP level 3. HP: 31/31 MP: 2/2
  1796 | D:3      | Killed from afar by an orc priest

Illustrated notes

Levels and vault maps discovered:
D:1:      lemuel_arrival_river_passageway, layout_basic,
          ebering_ecumenical_altar_hall
D:2:      layout_basic, corner_web_ring
D:3:      layout_basic, serial_shops, shop, serial_co_window_serial,
          co_window_paths_b, co_window_paths_a, co_window_paths_b,
          co_window_of_opportunity_a, co_window_paths_a, co_window_paths_a,
          co_window_paths_b, co_window_cross_2, co_window_corner_cb,
          co_window_corner_b, co_window_of_opportunity_c, co_window_2corner,
          co_window_2corner, co_window_broadway_b, glass_columns_a,
          glass_columns_b, uniq_natasha

Skill      XL: |  1  2 |
---------------+-------+-----
Axes           | 4 5 |  5.6
Fighting       | |  3.6
Armour         | |  2.4
Dodging        | |  2.1

Action                   || total
-------------------------++-------
Melee: Hand axe          ||    61
       Headbutt          ||     2
 Stab: Sleeping          ||     1
Armor: Animal skin       ||    12
Dodge: Dodged            ||    44

Table legend: (Time is in decaauts)
 A = Elapsed time spent in this place.
 B = Non-inter-level travel time spent in this place.
 C = Inter-level travel time spent in this place.
 D = Time resting spent in this place.
 E = Time spent auto-exploring this place.
 F = Levels seen in this place.
 G = Mean time per level.
                   A        B        C        D        E       F      G
               +--------+--------+--------+--------+--------+-----+--------+
         Total |   1811 |   1748 |     63 |    315 |   1233 |   3 |  603.7 |
       Dungeon |   1811 |   1748 |     63 |    315 |   1233 |   3 |  603.7 |
               +--------+--------+--------+--------+--------+-----+--------+

Top non-repeatable levels by time:
     D:1: 1060 daAuts
     D:2: 741 daAuts
     D:3: 9 daAuts
